 Dungeon Crawl Stone Soup version 0.28.0-47-ge53b351184 (webtiles) character file.

Game seed: 1171666892197234480

555 101zpm the Covered (level 7, -9/44 HPs)
             Began as a Gargoyle Fighter on Apr 27, 2022.
             Killed by divine providence
             ... invoked by an orc priest
              (10 damage)
             ... on level 4 of the Dungeon.
             The game lasted 00:05:40 (3259 turns).

101zpm the Covered (Gargoyle Fighter)               Turns: 3259, Time: 00:05:40

Health: -9/44      AC: 11    Str: 21    XL:     7   Next: 30%
Magic:  7/7        EV: 10    Int:  9    God:
Gold:   87         SH: 12    Dex: 15    Spells: 6/6 levels left

rFire   . . .      SeeInvis .   j - +1 dagger (venom)
rCold   . . .      Faith    .   i - +2 kite shield
rNeg    + . .      Spirit   .   t - +3 leather armour
rPois   ∞          Reflect  .   (no helmet)
rElec   +          Harm     .   (no cloak)
rCorr   .          Rampage  .   (no gloves)
Will    .....                   (no boots)
Stlth   +.........              (no amulet)
HPRegen 0.14/turn               s - +6 ring of dexterity
MPRegen 0.10/turn               (no ring)

@: no status effects
A: sickness immunity, AC +4, negative energy resistance 1, electricity
resistance, torment resistance 1, petrification resistance
a: no special abilities


You were on level 4 of the Dungeon.
You visited 1 branch of the dungeon, and saw 5 of its levels.

You collected 87 gold pieces.

Inventory:

Hand Weapons
 a - a +0 flail
 j - a +1 dagger of venom (weapon)
 v - a +1 vorpal flail
Armour
 b - a +0 scale mail
 c - a +0 buckler
 i - a +2 kite shield (worn)
 t - a +3 leather armour (worn)
Jewellery
 s - a +6 ring of dexterity (left hand)
Wands
 o - a wand of polymorph (12)
 q - a wand of flame (12) (quivered)
Scrolls
 f - a scroll of immolation {unknown}
 g - a scroll of enchant weapon {unknown}
 h - a scroll of enchant armour {unknown}
 m - a scroll of identify {unknown}
 p - a scroll of summoning {unknown}
 u - a scroll of teleportation {unknown}
Potions
 d - a potion of might
 e - a potion of mutation {unknown}
 k - 2 potions of curing {unknown}
 l - a potion of heal wounds {unknown}
 n - a potion of invisibility {unknown}
 r - 3 potions of brilliance {unknown}


   Skills:
 + Level 4.3 Fighting
 + Level 2.1 Short Blades
 + Level 2.8 Maces & Flails
 + Level 5.3 Armour
 + Level 1.8 Dodging
 + Level 0.2 Stealth
 + Level 5.2 Shields
 + Level 0.7 Evocations


You had 6 spell levels left.
You didn't know any spells.
Your spell library contained the following spells:

 Spells                   Type           Power      Damage    Failure   Level
 Fireball                 Conj/Fire      0%         3d3       100%        5
 Iskenderun's Battlesphe  Conj           0%         2d6       100%        5
 Conjure Ball Lightning   Conj/Air       0%         3x3d6     100%        6
 Orb of Destruction       Conj           0%         9d5       100%        7


Dungeon Overview and Level Annotations

Branches:
Dungeon (5/15)
 Temple: D:4-7

Altars:
Uskayaw

Shops:
D:1 *

Annotations:
D:2 1 runed translucent door, Crazy Yiuf


Innate Abilities, Weirdness & Mutations

You are immune to sickness and miasma.
Your stone body is resilient. (AC +4)
You are immune to poison.
You resist negative energy. (rN+)
You are resistant to electric shocks. (rElec)
You are resistant to unholy torment.
You are immune to petrification.


Message History

You block the hound's attack. x2
You hit the hound.
The hound looks as sick as possible!
The hound is almost dead.
The hound bites you but does no damage.
An orc priest comes into view. It is wielding a +0 whip.
You hit the hound.
You kill the hound!
An orc comes into view.
It is wielding a +0 trident of distortion.
The orc priest looks braver for a moment.
You block the ball python's attack. The ball python grabs you.
The ball python constricts you.
You hit the ball python.
You kill the ball python!
You hit the orc priest but do no damage.
The orc priest is poisoned.
You block the orc priest's attack.
You hit the orc priest but do no damage.
The orc priest looks as sick as possible!
The orc priest is lightly wounded.
The orc priest hits you with a +0 short sword.
* * * LOW HITPOINT WARNING * * *
You hit the orc priest but do no damage.
The orc priest is heavily wounded.
The orc priest hits you but does no damage.
You hit the orc priest but do no damage.
The orc priest looks as sick as possible!
The orc priest is heavily wounded.
The orc priest hits you but does no damage.
You hit the orc priest.
The orc priest looks as sick as possible!
The orc priest is almost dead.
You kill the orc priest!
You block the orc's attack.
You barely miss the orc priest. You block the orc priest's attack.
The orc hits you but does no damage. Space warps around you.
* * * LOW HITPOINT WARNING * * *
You hit the orc priest but do no damage.
The orc priest is poisoned.
The orc priest calls down the wrath of Beogh upon you.
Beogh smites you!
You die...

.### #........### #.
....## #.....#### #.
......# ##....## . .......
#.....## # .......##
#......##### #
........###..........## #
........##............# #
.......o##..#.........#
........o@........<...####
.......####............#..
....... #..............#
....... #............###
#...... #............#
####### #............#
...........## ##........##
##....###


You could see an orc priest (very poisoned) and an orc.

Vanquished Creatures
  A water moccasin (D:4)
  2 ogres (D:4)
  2 orc priests
  A hound (D:4)
  A centaur skeleton (D:4)
  Ijyb (D:3)
  An orc wizard (D:3)
  Terence (D:3)
  2 adders (D:2)
  An ufetubus (D:4)
  An adder skeleton (D:4)
  A worm (D:2)
  3 dart slugs
  7 orcs
  2 ball pythons
  3 bats
  7 endoplasms
  A giant cockroach (D:1)
  5 goblins
  2 hobgoblins (D:2)
  3 jackals (D:3)
  3 quokkas
  A frilled lizard (D:1)
  4 kobolds
  5 rats
61 creatures vanquished.

Notes
Turn   | Place    | Note
-------+----------+-------------------------------------------
     0 | D:1      | 101zpm the Gargoyle Fighter began the quest for the Orb.
     0 | D:1      | Reached XP level 1. HP: 14/14 MP: 1/1
   168 | D:2      | Found a faded altar of an unknown god.
   181 | D:2      | Reached XP level 2. HP: 19/19 MP: 2/2
   413 | D:2      | Reached XP level 3. HP: 21/24 MP: 3/3
   676 | D:2      | Found a runed translucent door.
   677 | D:2      | Noticed Crazy Yiuf
  1259 | D:1      | Found Daufich's General Store.
  1505 | D:3      | Noticed Terence
  1518 | D:3      | Killed Terence
  1519 | D:3      | Reached XP level 4. HP: 23/29 MP: 4/4
  1649 | D:3      | Reached skill level 1 in Dodging
  1649 | D:3      | Reached XP level 5. HP: 13/33 MP: 5/5
  2161 | D:3      | Noticed Ijyb
  2171 | D:3      | Killed Ijyb
  2508 | D:4      | Noticed an ogre
  2567 | D:5      | Entered Level 5 of the Dungeon
  2567 | D:5      | Noticed an ogre
  2609 | D:4      | Killed an ogre
  2610 | D:4      | Reached skill level 1 in Short Blades
  2610 | D:4      | Reached XP level 6. HP: 14/38 MP: 6/6
  2967 | D:4      | Reached skill level 5 in Armour
  3089 | D:4      | Found a hide-covered altar of Uskayaw.
  3218 | D:4      | Noticed a water moccasin
  3246 | D:4      | Killed a water moccasin
  3247 | D:4      | Reached skill level 5 in Shields
  3247 | D:4      | Reached XP level 7. HP: 7/44 MP: 7/7
  3258 | D:4      | HP: 1/44 [orc/+0 trident of distortion (4)]
  3259 | D:4      | Killed from afar by an orc priest

Illustrated notes

Levels and vault maps discovered:
D:1:      dpeg_arrival_erosion, layout_loops_ring, serial_shops,
          nicolae_shop_stone
D:2:      layout_rooms, basic_ecumenical_altar, uniq_crazy_yiuf_cottage
D:3:      layout_basic, uniq_ijyb, uniq_terence
D:4:      layout_cave_pods, nicolae_uskayaw_dance_hall,
          minmay_temple_entry_nine_rooms, kennysheep_generic_room_11
D:5:      layout_rooms, uniq_grinder, uniq_eustachio, uniq_menkaure

Skill      XL: |  1  2  3  4  5  6 |
---------------+-------------------+-----
Fighting       | 4 |  4.3
Armour         | 4 5 |  5.3
Dodging        | 1 |  1.8
Short Blades   | 1 2 |  2.1
Shields        | 4 5 |  5.2
Maces & Flails | |  2.8
Stealth        | |  0.2
Evocations     | |  0.7

Action                   |  1- 3 |  4- 6 |  7- 9 || total
-------------------------+-------+-------+-------++-------
Melee: Flail             |    63 |       |       ||    63
       Dagger            |    39 |   133 |    13 ||   185
Evoke: Wand              |       |     9 |       ||     9
Armor: Scale mail        |    45 |    25 |       ||    70
       Leather armour    |       |    31 |     6 ||    37
Dodge: Dodged            |    41 |    35 |       ||    76
Block: Buckler           |     4 |       |       ||     4
       Kite shield       |    47 |    69 |     6 ||   122
